cohdb
Replays
Latest Replays
All Replays
Popular Replays
Top Player Replays
Match Explorer
How It Works
Community
CoH3 Stats
Reddit
Sign in to upload your games and track your stats! →
Sign in with Steam
Match 42860920
Unlisted
Match 42860920
Overview
Messages
Build Orders
End
Scout Squad
Scout Squad
Selects Airborne Battlegroup
Selects Pathfinders
Construct Weapon Support Center
M1919 Machine Gun Team
Mechanized Support Center
Pathfinder Squad
Selects Paratrooper Squad Paradrop
Paratrooper Squad Paradrop
M3 Armored Personnel Carrier
Construct Medical Station
Paratrooper Squad Paradrop
Selects Anti-tank Gun Team Paradrop
Anti-tank Gun Team Paradrop
Paratrooper Squad Paradrop
Construct Tank Depot
Selects Recon Loiter
Selects Supply Drop
M4A1 Sherman Medium Tank
Recon Loiter
Engineer Squad
Selects Dual P-47 Rocket Strike
Recon Loiter
M4A1 Sherman Medium Tank
M4A1 76mm Conversion
Improvised Armor
Supply Drop
Paratrooper Squad Paradrop
Dual P-47 Rocket Strike
Supply Drop
B I G B I R A N
B I G PP B O Y
Gabe_Real
Turtleboy
0
0
Comments
sign in to comment!
No comments posted yet!